 Dungeon Crawl Stone Soup version 0.25.1-2-g60ff931df9 (webtiles) character file.

Game seed: 14735922308926072042

26448 Johnny the Geomancer (level 12, 0/103 HPs)
             Began as a Demigod Earth Elementalist on Oct 4, 2020.
             Slain by a five-headed hydra (16 damage)
             ... on level 14 of the Dungeon on Oct 5, 2020.
             The game lasted 00:22:36 (19602 turns).

Johnny the Geomancer (Demigod Earth Elementalist)  Turns: 19602, Time: 00:22:38

Health: 0/103      AC:  5    Str: 11    XL:     12   Next: 61%
Magic:  15/30      EV: 12    Int: 33    God:
Gold:   952        SH:  5    Dex: 16    Spells: 17/30 levels left

rFire    + + .     SeeInvis .   s - +2 dagger (venom)
rCold    . . .     Gourm    .   O - +0 buckler
rNeg     . . .     Faith    .   N - +1 leather armour of the Garden {rF+ MR+}
rPois    .         Spirit   .   (no helmet)
rElec    .         Reflect  .   M - scarf {repulsion}
rCorr    .         Harm     .   (no gloves)
MR       ++...                  o - +0 pair of boots (curse)
Stlth    ++........             a - amulet of magic regeneration
HPRegen  0.27/turn              B - +6 ring of intelligence
MPRegen  0.47/turn              r - ring of protection from fire

@: repel missiles
A: high mp 1
a: no special abilities


You were on level 14 of the Dungeon.
You were full.

You visited 2 branches of the dungeon, and saw 14 of its levels.
You also visited: Ice Cave.

You collected 1553 gold pieces.
You spent 601 gold pieces at shops.

Inventory:

Hand Weapons
 s - a +2 dagger of venom (weapon)
Missiles
 b - 129 stones (quivered)
Armour
 o - a cursed +0 pair of boots (worn)
 y - a +0 ring mail of poison resistance
 M - a scarf of repulsion (worn)
 N - the +1 leather armour of the Garden (worn) {rF+ MR+}
   (You bought it in a shop on level 2 of the Orcish Mines)

   It protects you from fire.
   It affects your resistance to hostile enchantments.
 O - a +0 buckler (worn)
Magical Staves
 v - an uncursed staff of energy {unknown}
Jewellery
 a - an amulet of magic regeneration (around neck)
 e - an uncursed ring of ice {unknown}
 k - an uncursed ring of poison resistance
 r - a ring of protection from fire (right hand)
 t - an uncursed amulet of regeneration {unknown}
 B - a +6 ring of intelligence (left hand)
 E - an uncursed amulet of reflection {unknown}
Wands
 m - a wand of flame (38)
 w - a wand of iceblast (15)
 x - a wand of digging (13)
 A - a wand of polymorph (2)
 G - a wand of random effects (64)
 I - a wand of disintegration (14)
 L - a wand of enslavement (9)
Scrolls
 f - a scroll of teleportation
 g - a scroll of torment
 i - 3 scrolls of fog
 j - 8 scrolls of remove curse
 l - 3 scrolls of enchant armour
 p - a scroll of blinking
 D - a scroll of magic mapping
Potions
 h - 4 potions of curing
 n - 2 potions of flight
 q - a potion of cancellation {unknown}
 u - 2 potions of stabbing
 z - a potion of magic {unknown}
 C - 2 potions of brilliance {unknown}
 F - 2 potions of mutation {unknown}
 H - a potion of haste {unknown}
 J - a potion of degeneration {unknown}
 K - a potion of invisibility {unknown}
Comestibles
 c - 2 chunks of flesh
 d - 10 rations


   Skills:
 + Level 8.4 Fighting
 - Level 1.7 Dodging
 - Level 1.7 Stealth
 + Level 4.7 Shields
 + Level 9.7 Spellcasting
 - Level 0.8 Transmutations
 * Level 14.3 Earth Magic


You had 17 spell levels left.
You knew the following spells:

 Your Spells              Type           Power        Failure   Level  Hunger
a - Sandblast             Erth           ######       0%          1    None
b - Stone Arrow           Conj/Erth      ######       1%          3    None
c - Lee's Rapid Deconstr  Erth           #######...   1%          5    ###....
d - Petrify               Tmut/Erth      ######..     1%          4    None

Your spell library contained the following spells:

 Spells                   Type           Power        Failure   Level  Hunger
 Passwall                 Tmut/Erth      ######..     1%          2    None
 Foxfire                  Conj/Fire      ###.         3%          1    None
 Confusing Touch          Hex            ###.....     12%         3    None
 Conjure Flame            Conj/Fire      ###.....     12%         3    None
 Gell's Gravitas          Tloc           ###.......   12%         3    None
 Inner Flame              Hex/Fire       ###.....     12%         3    None
 Statue Form              Tmut/Erth      ######...    26%         6    #####..
 Sticky Flame             Conj/Fire      ###.....     36%         4    None
 Irradiate                Conj/Tmut      ###.......   65%         5    ###....
 Yara's Violent Unravell  Hex/Tmut       ###.......   65%         5    ###....
 Fireball                 Conj/Fire      ###.......   71%         5    ###....
 Metabolic Englaciation   Hex/Ice        ###.......   71%         5    ###....
 Hydra Form               Tmut           ###.......   99%         6    #####..
 Dragon Form              Tmut           ###.......   100%        7    ######.


Dungeon Overview and Level Annotations

Branches:
Dungeon (11/15)            Temple (0/1) D:7            Lair (0/6) D:8
    Orc (2/2) D:10            Elf (0/3) Orc:2         IceCv (visited)

Shops:
D:4 =   D:8 (   Orc:2 *:[=(

Annotations:
D:11 3 runed translucent doors, Ojoak's ghost, novice OpTm


Innate Abilities, Weirdness & Mutations

You have an increased reservoir of magic. (+10% MP)


Message History

A rock wall.
Okay, then.
You close the door.
You start resting.
A two-headed ogre opens the door.
It is wielding a +0 giant club and a +0 giant spiked club.
Casting: Lee's Rapid Deconstruction (mildly dangerous; 1% risk of failure)
Confirm with . or Enter, or press ? or * to list all spells.
Aiming: Lee's Rapid Deconstruction (mildly dangerous; 1% risk of failure)
Press: ? - help, Dir - move target cursor A rock wall.
The wall shatters!
The blast of rock fragments hits the five-headed hydra!!
The five-headed hydra is moderately wounded.
The five-headed hydra bites you.
* * * LOW HITPOINT WARNING * * *
You block the five-headed hydra's attack.
The five-headed hydra barely misses you.
The five-headed hydra closely misses you.
The five-headed hydra bites you!
You die...

.. ..###########+
o.#............ ...
#o#...........# ....
#.#...........##....
#o#.................
#.#@..............
+.####OD.............
#).....##....##....#
#.......#....##....##
#..####.#...........#
#..# #.#...........#
#..####)#...........#
+......)#...........#
#.......#+###########


You could see a five-headed hydra and a two-headed ogre.

Vanquished Creatures
  Donald (Orc:2)
  A frost giant (IceCv)
  A two-headed ogre (D:8)
  2 death yaks (IceCv)
  3 orc high priests
  4 orc knights (Orc:2)
  5 orc sorcerers
  An ice statue (IceCv)
  A rime drake (IceCv)
  2 hornets
  15 polar bears (IceCv)
  2 hippogriffs
  Sigmund (D:2)
  A shadow (D:11)
  A wyvern (D:10)
  18 yaks (IceCv)
  A warg (Orc:1)
  21 orc warriors
  2 sky beasts (D:10)
  An ice beast (D:10)
  3 phantoms
  9 ogres
  15 wolves (IceCv)
  5 centaurs
  2 big kobolds
  A bullfrog (D:11)
  3 scorpions
  A water moccasin skeleton (D:7)
  10 killer bees
  A howler monkey (D:4)
  4 wights (D:7)
  A crimson imp (D:5)
  4 bullfrog zombies
  8 orc priests
  A hound (D:7)
  3 centaur skeletons
  7 iguanas
  14 orc wizards
  3 bullfrog skeletons
  A gnoll shaman (D:8)
  3 worker ants
  A hound zombie (D:5)
  17 gnolls
  9 adders
  A shadow imp (D:10)
  2 oozes
  2 worms
  A dart slug (D:1)
  6 leopard geckos
  42 orcs
  3 ball pythons
  12 bats
  7 giant cockroaches
  3 goblins
  11 hobgoblins
  12 jackals
  5 quokkas
  6 frilled lizards
  23 kobolds
  A leopard gecko skeleton (D:4)
  A quokka skeleton (D:6)
  7 rats
  2 fungi (Orc:2)
357 creatures vanquished.

Vanquished Creatures (collateral kills)
  2 orc high priests (Orc:2)
  An orc warrior (Orc:2)
3 creatures vanquished.

Vanquished Creatures (others)
  Maurice (Orc:2)
  A troll (Orc:2)
  An orc warrior (Orc:2)
  9 fungi
12 creatures vanquished.

Grand Total: 372 creatures vanquished

Notes
Turn   | Place    | Note
-------+----------+-------------------------------------------
     0 | D:1      | Johnny the Demigod Earth Elementalist began the quest for
                  | the Orb.
     0 | D:1      | Reached XP level 1. HP: 14/14 MP: 5/5
   288 | D:1      | Reached skill level 3 in Earth Magic
   500 | D:1      | Reached XP level 2. HP: 11/20 MP: 1/7
  1634 | D:1      | Reached XP level 3. HP: 24/26 MP: 6/9
  2057 | D:2      | Reached skill level 4 in Earth Magic
  2244 | D:2      | Noticed Sigmund
  2246 | D:2      | Found a white marble altar of Elyvilon.
  2255 | D:2      | Killed Sigmund
  2255 | D:2      | Reached skill level 5 in Earth Magic
  2255 | D:2      | Reached XP level 4. HP: 12/33 MP: 3/11
  2255 | D:2      | Reached XP level 5. HP: 14/38 MP: 3/12
  2432 | D:2      | Found a bloodstained altar of Trog.
  3248 | D:3      | Found a faded altar of an unknown god.
  3529 | D:3      | Reached XP level 6. HP: 45/45 MP: 7/14
  3584 | D:3      | Found an ornate altar of the Wu Jian Council.
  3723 | D:3      | Learned a level 3 spell: Stone Arrow
  3745 | D:3      | Reached skill level 6 in Earth Magic
  4010 | D:3      | Found a glowing golden altar of the Shining One.
  4900 | D:4      | Found Tiaburpha's Jewellery Emporium.
  5204 | D:4      | Reached XP level 7. HP: 42/50 MP: 13/16
  6132 | D:4      | Reached skill level 7 in Earth Magic
  6362 | D:5      | Entered Level 5 of the Dungeon
  6643 | D:5      | Reached skill level 5 in Spellcasting
  6643 | D:5      | Reached XP level 8. HP: 21/57 MP: 15/19
  6984 | D:5      | Reached skill level 8 in Earth Magic
  7611 | D:6      | Learned a level 5 spell: Lee's Rapid Deconstruction
  7616 | D:6      | Learned a level 4 spell: Petrify
  8406 | D:7      | Reached skill level 9 in Earth Magic
  8789 | D:7      | Found an opulent altar of Gozag.
  8961 | D:7      | Found a staircase to the Ecumenical Temple.
  9256 | D:7      | Reached skill level 1 in Fighting
  9293 | D:8      | Found a burning altar of Makhleb.
  9309 | D:8      | Noticed a hornet
  9320 | D:7      | Killed a hornet
  9320 | D:7      | Reached XP level 9. HP: 22/67 MP: 3/22
  9579 | D:8      | Noticed a two-headed ogre
  9589 | D:8      | Killed a two-headed ogre
  9589 | D:8      | Reached skill level 10 in Earth Magic
 10241 | D:8      | Found Bocov's Weapon Shop.
 10322 | D:8      | Found a staircase to the Lair.
 11486 | D:10     | Entered Level 10 of the Dungeon
 11563 | D:10     | Found a staircase to the Orcish Mines.
 11583 | D:10     | Reached XP level 10. HP: 62/78 MP: 19/24
 11676 | D:10     | Reached skill level 11 in Earth Magic
 12841 | Orc:1    | Entered Level 1 of the Orcish Mines
 12870 | Orc:1    | Noticed an orc sorcerer
 12875 | Orc:1    | Killed an orc sorcerer
 12875 | Orc:1    | Reached skill level 5 in Fighting
 13316 | Orc:2    | Entered Level 2 of the Orcish Mines
 13316 | Orc:2    | Noticed an orc high priest
 13316 | Orc:2    | Noticed an orc warlord
 13316 | Orc:2    | Noticed an orc high priest
 13317 | Orc:2    | Noticed an orc knight
 13400 | Orc:1    | Noticed an orc high priest
 13419 | Orc:1    | Killed an orc high priest
 13579 | Orc:1    | Found a bloodstained altar of Trog.
 14201 | Orc:2    | Noticed a sixfirhy
 14207 | Orc:2    | HP: 2/81 [sixfirhy[an orc high priest] (11)]
 14209 | Orc:2    | Noticed a sun demon
 14561 | Orc:2    | Noticed Maurice
 14564 | Orc:2    | Noticed a sun demon
 14564 | Orc:2    | Noticed a soul eater
 14565 | Orc:2    | Noticed a soul eater
 14568 | Orc:2    | Noticed an orc high priest
 14570 | Orc:2    | Your ally died
 14675 | Orc:2    | Noticed a sun demon
 14680 | Orc:2    | Killed an orc high priest
 14680 | Orc:2    | Reached skill level 12 in Earth Magic
 14681 | Orc:2    | Killed an orc high priest
 14691 | Orc:2    | Noticed a soul eater
 14691 | Orc:2    | Killed an orc high priest
 14691 | Orc:2    | Reached XP level 11. HP: 62/89 MP: 7/27
 14796 | Orc:2    | Noticed a sphinx
 14796 | Orc:2    | an orc warlord changed into a sphinx
 15082 | Orc:2    | Killed an orc knight
 15145 | Orc:2    | Noticed an orc knight
 15149 | Orc:2    | Killed an orc knight
 15278 | Orc:2    | Found Funkuba's Jewellery Emporium.
 15292 | Orc:2    | Found Huach's Antique Armour Emporium.
 15404 | Orc:2    | Noticed an orc high priest
 15410 | Orc:2    | Killed an orc high priest
 15510 | Orc:2    | Bought an embroidered scarf for 224 gold pieces
 15510 | Orc:2    | Bought a slimy leather armour for 196 gold pieces
 15510 | Orc:2    | Bought a buckler for 126 gold pieces
 15520 | Orc:2    | Identified the +1 leather armour of the Garden {rF+ MR+}
                  | (You bought it in a shop on level 2 of the Orcish Mines)
 15608 | Orc:2    | Noticed an orc knight
 15640 | Orc:2    | Killed an orc knight
 15742 | Orc:2    | Reached skill level 1 in Shields
 15746 | Orc:2    | Reached skill level 13 in Earth Magic
 15908 | Orc:2    | Found Yfosul's General Store.
 15916 | Orc:2    | Bought a potion of heal wounds for 55 gold pieces
 15956 | Orc:2    | Found Ymuicelo's Book Shop.
 16010 | Orc:2    | Noticed Donald
 16027 | Orc:2    | Killed Donald
 16110 | Orc:2    | Noticed a sixfirhy
 16322 | Orc:2    | Found Woraesup's Antique Weapon Boutique.
 16384 | Orc:2    | Noticed an orc knight
 16391 | Orc:2    | Killed an orc knight
 16503 | Orc:2    | Found a staircase to the Elven Halls.
 16727 | D:11     | Found a runed translucent gate.
 16728 | D:11     | Found a runed translucent gate.
 16728 | D:11     | Found a runed translucent gate.
 16734 | D:11     | Noticed Ojoak's ghost (novice OpTm)
 16759 | D:11     | Noticed a hell beast
 16760 | D:11     | Found an ancient bone altar of Kikubaaqudgha.
 16770 | D:11     | Found a frozen archway.
 16777 | IceCv    | Entered an ice cave
 17193 | IceCv    | Reached XP level 12. HP: 67/100 MP: 29/29
 17551 | IceCv    | HP: 4/101 [polar bear (13)]
 18050 | IceCv    | Reached skill level 14 in Earth Magic
 18480 | IceCv    | Noticed a frost giant
 19268 | IceCv    | Killed a frost giant
 19540 | D:11     | You fall into a shaft and drop 3 floors!
 19572 | D:14     | Noticed a five-headed hydra
 19602 | D:14     | Slain by a five-headed hydra

Illustrated notes

Levels and vault maps discovered:
D:1:      tarquinn_simple_flora_water_f, layout_basic, minmay_misc_feat_iff
D:2:      layout_loops_cross, lemuel_crystal_altar, elyvilon_altar_5,
          uniq_sigmund
D:3:      layout_loops_ring, tso_altar, nicolae_overflow_crystal_walls,
          first_ration, chequers_ecumenical_altar_simple
D:4:      layout_rooms, kennysheep_windowed_goal
D:5:      layout_loops_cross, minmay_fractal_squares_diagonal_5
D:6:      layout_cave_pods
D:7:      layout_loops_ring, grunt_gozag_breadcrumbs,
          minmay_temple_entry_antechambers, grunt_ogre_cave
D:8:      layout_cave_pools, dpeg_oklobed_lair, basic_altar, serial_shops, shop
D:9:      layout_gridville
D:10:     layout_grid_maze, orc_0_dummy
D:11:     layout_basic, gammafunk_ghost_spectres,
          portal_ice_cave_entry_pillars_1, lemuel_hellish_altar
D:14:     layout_stronghold, serial_column_ruins, column_ruins_square_small,
          column_ruins_open_medium, column_ruins_columns_corner,
          column_ruins_columns_corner, column_ruins_open_medium,
          column_ruins_open_medium, column_ruins_open_tiny,
          column_ruins_columns_corner, serial_shops, kennysheep_mini
Orc:1:    layout_diamond_mine, trog_butcher_becter
Orc:2:    grunt_orc_gardens, layout_caves, grunt_orc_garden, grunt_orc_garden,
          grunt_orc_garden, grunt_orc_garden, serial_shops, nicolae_shop_trees,
          uniq_donald, uniq_maurice

Skill      XL: |  1  2  3  4  5  6  7  8  9 10 11 12 |
---------------+-------------------------------------+-----
Earth Magic    | 3 5 6 7 9 10 12 13 14 | 14.3
Spellcasting   | 2 3 4 5 6 7 8 9 |  9.7
Fighting       | 1 4 5 7 8 |  8.4
Shields        | 3 4 |  4.7
Dodging        | |  1.7
Stealth        | |  1.7
Transmutations | |  0.8

Action                   |  1- 3 |  4- 6 |  7- 9 | 10-12 || total
-------------------------+-------+-------+-------+-------++-------
Melee: Unarmed           |    38 |       |       |       ||    38
       Whip              |    39 |    27 |       |       ||    66
       Short sword       |     6 |    57 |       |       ||    63
       Dagger            |       |       |   170 |   132 ||   302
Throw: Stone             |       |       |     1 |       ||     1
 Cast: Sandblast         |    52 |    57 |    77 |   111 ||   297
       Stone Arrow       |       |     1 |    89 |    58 ||   148
       Lee's Rapid Decon |       |       |     2 |   108 ||   110
       Petrify           |       |       |       |    19 ||    19
Evoke: Wand              |       |       |       |    30 ||    30
  Use: Scroll            |       |     1 |     9 |     9 ||    19
       Potion            |       |       |     2 |     6 ||     8
 Stab: Sleeping          |     3 |     2 |     2 |       ||     7
       Petrified         |       |       |       |    19 ||    19
       Petrifying        |       |       |       |     1 ||     1
  Eat: Chunk             |     4 |     9 |    20 |    25 ||    58
       Ration            |       |       |       |     6 ||     6
Armor: Robe              |    25 |    18 |    10 |       ||    53
       Ring mail         |       |       |    64 |    30 ||    94
       Leather armour    |       |       |       |    28 ||    28
Dodge: Dodged            |    97 |    90 |   137 |   122 ||   446
Block: Buckler           |       |       |       |    31 ||    31
